 Dungeon Crawl Stone Soup version 0.29.1-14-g9c671dbff4 (webtiles) character file.

Game seed: 13688077832738853566

386 promet the Trooper (level 6, -3/29 (34) HPs)
             Began as a Vine Stalker Fighter on Feb 16, 2023.
             Slain by a wight
             ... wielding a +2 long sword
              (4 damage)
             ... on level 3 of the Dungeon.
             The game lasted 00:16:29 (4324 turns).

promet the Trooper (Vine Stalker Fighter)           Turns: 4324, Time: 00:16:30

HP:   -3/29 (34)    AC:  4    Str: 19    XL:     6   Next: 78%
MP:   0/7           EV: 14    Int:  8    God:
Gold: 217           SH:  5    Dex: 15    Spells: 4/5 levels left

rFire   . . .      SeeInvis .     - Unarmed
rCold   . . .      Faith    .   b - +0 buckler
rNeg    . . .      Spirit   +   i - +0 leather armour
rPois   .          Reflect  .   (no helmet)
rElec   .          Harm     .   (no cloak)
rCorr   .          Rampage  .   k - +0 pair of gloves
Will    .....                   (no boots)
Stlth   +.........              (no amulet)
HPRegen 0.89/turn               o - ring of wizardry
MPRegen 0.10/turn               m - +4 ring of evasion

@: heavily drained
A: fangs 2, regeneration 1, magic shield, antimagic bite, no potion heal 2
a: no special abilities


You were on level 3 of the Dungeon.
You visited 1 branch of the dungeon, and saw 4 of its levels.

You collected 217 gold pieces.

Inventory:

Hand Weapons
 s - a +5 dagger
 w - a +1 vorpal mace
Missiles
 d - 38 stones
 e - 6 boomerangs (quivered)
 g - 3 curare-tipped darts
 h - 4 poisoned darts
Armour
 a - a +0 scale mail
 b - a +0 buckler (worn)
 i - a +0 leather armour (worn)
 k - a +0 pair of gloves (worn)
 q - an orb of energy
Jewellery
 m - a +4 ring of evasion (right hand)
 o - a ring of wizardry (left hand)
Scrolls
 l - a scroll of poison
 t - a scroll of amnesia
Potions
 c - 2 potions of attraction
 f - 4 potions of flight
 j - a potion of haste {unknown}
 n - a potion of curing {unknown}
 p - a potion of brilliance


   Skills:
 * Level 4.4 Fighting
 + Level 3.2 Armour
 + Level 3.7 Shields
 * Level 4.3 Unarmed Combat


You had 4 spell levels left.
You knew the following spells:

 Your Spells              Type           Power      Damage    Failure   Level
a - Foxfire               Conj/Fire      0%         2x1d4     26%         1

Your spell library contained the following spells:

 Spells                   Type           Power      Damage    Failure   Level
 Confusing Touch          Hex            0%         N/A       58%         3
 Conjure Flame            Conj/Fire      0%         6-21      58%         3
 Ignite Poison            Fire/Tmut/Pois 0%         N/A       58%         3
 Inner Flame              Hex/Fire       0%         N/A       58%         3
 Mephitic Cloud           Conj/Pois/Air  0%         N/A       58%         3
 Flame Wave               Conj/Fire      0%         2d4       92%         4
 Freezing Cloud           Conj/Ice/Air   0%         6-21      99%         5
 Yara's Violent Unravell  Hex/Tmut       0%         3d3       99%         5
 Enfeeble                 Hex            0%         N/A       100%        7


Dungeon Overview and Level Annotations

Branches:
Dungeon (4/15)
 Temple: D:4-7

Altars:


Innate Abilities, Weirdness & Mutations

You have extremely sharp teeth.
Your natural rate of healing is unusually fast.
When hurt, damage is shared between your health and your magic reserves.
Your bite disrupts and absorbs the magic of your enemies.
Potions cannot restore your health.


Message History

Confirm with . or Enter, or press ? or * to list all spells.
You miscast Foxfire.
You are very lightly contaminated with residual magic.
Nothing appears to happen.
The wight hits you from afar with a +2 spear!
The wight completely misses you.
The wight hits you from afar with a +2 spear!
You feel drained.
You climb upwards.
There is a stone staircase leading down here.
You hit the wight. You bite the wight, but do no damage.
The wight is lightly damaged.
The wight closely misses you.
You hit the wight but do no damage. You bite the wight, but do no damage.
The wight is lightly damaged.
The wight hits you with a +2 long sword!
You hit the wight. Your bite misses the wight.
The wight is moderately damaged.
The wight closely misses you.
You hit the wight.
The wight is heavily damaged.
You block the wight's attack.
Your magical contamination has completely faded away.
You closely miss the wight. Your bite misses the wight.
The wight is heavily damaged.
You block the wight's attack.
You hit the wight but do no damage. Your bite misses the wight.
The wight is heavily damaged.
Okay, then.
You closely miss the wight.
The wight is heavily damaged.
The wight hits you with a +2 long sword!
You feel drained.
* * * LOW HITPOINT WARNING * * *
You hit the wight.
The wight is almost destroyed.
The wight hits you with a +2 long sword!
* * * LOW HITPOINT WARNING * * *
You feel drained.
You die...

## ####.# #...[... ########.#
######.. #........# ###
#..##....#########
#..##............#
####..###..##.#####.#
#.......#..##....##.#
####.##.......##.##..#.##
#.......#......@.#......########
#.##..).#......z.#.#.#..........
#.##...##...........<...#######.
#.#....##.......##.#..#.# ##
#.#.............##.##.#.#
#.#.##.##.......##.##.#.#
#......##.......##......#
###^#################.### #.#
######.#


You could see a wight.

Vanquished Creatures
  A steam dragon (D:3)
  A scorpion (D:4)
  Terence (D:2)
  Natasha (thrice) (D:3)
  4 adders
  3 dart slugs
  4 orcs
  8 endoplasms
  A giant cockroach (D:4)
  5 goblins
  5 hobgoblins
  2 quokkas
  8 ball pythons
  6 frilled lizards
  5 kobolds
  3 rats
60 creatures vanquished.

Vanquished Creatures (others)
  22 foxfires
22 creatures vanquished.

Grand Total: 82 creatures vanquished

Notes
Turn   | Place    | Note
-------+----------+-------------------------------------------
     0 | D:1      | promet the Vine Stalker Fighter began the quest for the
                  | Orb.
     0 | D:1      | Reached XP level 1. HP: 11/11 MP: 2/2
   675 | D:1      | Reached XP level 2. HP: 12/16 MP: 3/3
  1335 | D:2      | Reached XP level 3. HP: 20/20 MP: 4/4
  1380 | D:2      | Noticed Terence
  1387 | D:2      | Killed Terence
  1870 | D:2      | Gained mutation: Your natural rate of healing is unusually
                  | fast. [Vine Stalker growth]
  1870 | D:2      | Reached XP level 4. HP: 24/24 MP: 5/5
  1943 | D:2      | Learned a level 1 spell: Foxfire
  2576 | D:3      | Found a faded altar of an unknown god.
  2830 | D:3      | Noticed Natasha
  2856 | D:3      | Killed Natasha
  2866 | D:3      | Noticed Natasha
  2868 | D:3      | Reached XP level 5. HP: 26/29 MP: 6/6
  2876 | D:3      | Killed Natasha
  2996 | D:3      | Noticed Natasha
  3007 | D:3      | Killed Natasha
  3995 | D:4      | Reached XP level 6. HP: 30/33 MP: 4/7
  4024 | D:4      | Noticed a steam dragon
  4065 | D:3      | Killed a steam dragon
  4324 | D:3      | HP: 1/31 [wight/+2 long sword (8)]
  4324 | D:3      | Slain by a wight

Illustrated notes

Levels and vault maps discovered:
D:1:      dpeg_arrival_castle, layout_basic
D:2:      layout_basic, uniq_terence
D:3:      layout_loops_cross, shapermc_ecumenical_altar_ellora,
          nrook_mini_backslash, uniq_natasha
D:4:      layout_cave_pools, mainiacjoe_overflow_concentric_impassable,
          uniq_edmund

Skill      XL: |  1  2  3  4  5  6 |
---------------+-------------------+-----
Fighting       | 3 4 |  4.4
Shields        | 3 |  3.7
Unarmed Combat | 3 4 |  4.3
Armour         | 3 |  3.2

Action                   |  1- 3 |  4- 6 || total
-------------------------+-------+-------++-------
Melee: Unarmed           |    88 |   111 ||   199
       Bite              |    15 |    34 ||    49
Throw: Stone             |     1 |       ||     1
       Boomerang         |       |     1 ||     1
 Cast: Foxfire           |       |    13 ||    13
  Use: Scroll            |     3 |     7 ||    10
       Potion            |     1 |       ||     1
Armor: Scale mail        |    20 |       ||    20
       Leather armour    |     7 |    26 ||    33
Dodge: Dodged            |    28 |    45 ||    73
Block: Buckler           |     7 |    23 ||    30
